 Dungeon Crawl Stone Soup version 0.29.0-4-gdea44cf6ec (webtiles) character file.

Game seed: 376701592966094606

7 qw the Sneak (level 2, 0/19 HPs)
             Began as a Gargoyle Delver on Sept 10, 2022.
             Slain by a gnoll
             ... wielding a +0 flail
             ... led by a gnoll bouda
              (7 damage)
             ... on level 5 of the Dungeon.
             The game lasted 00:00:04 (638 turns).

qw the Sneak (Gargoyle Delver)                       Turns: 638, Time: 00:00:04

Health: 0/19       AC:  5    Str: 15    XL:     2   Next: 4%
Magic:  2/2        EV: 11    Int: 10    God:
Gold:   0          SH:  0    Dex: 11    Spells: 1/1 levels left

rFire   . . .      SeeInvis .   a - +0 hand axe
rCold   . . .      Faith    .   (no shield)
rNeg    + . .      Spirit   .   b - +0 leather armour
rPois   inf        Reflect  .   (no helmet)
rElec   +          Harm     .   (no cloak)
rCorr   .          Rampage  .   (no gloves)
Will    .....                   (no boots)
Stlth   +++.......              (no amulet)
HPRegen 0.06/turn               (no ring)
MPRegen 0.08/turn               (no ring)

@: no status effects
A: sickness immunity, AC +2, negative energy resistance 1, electricity
resistance, torment resistance 1, petrification resistance
a: no special abilities


You were on level 5 of the Dungeon.
You visited 1 branch of the dungeon, and saw 1 of its levels.


Innate Abilities, Weirdness & Mutations

You are immune to sickness and miasma.
Your stone body is resilient. (AC +2)
You are immune to poison.
You resist negative energy. (rN+)
You are resistant to electric shocks. (rElec)
You are resistant to unholy torment.
You are immune to petrification.


   Skills:
 - Level 3.2 Fighting
 + Level 2.4 Axes
 - Level 1.5 Dodging
 - Level 5.4 Stealth


You had one spell level left.
You didn't know any spells.
Your spell library was empty.

Inventory:

Hand Weapons
 a - a +0 hand axe (weapon)
Missiles
 h - a boomerang (quivered)
Armour
 b - a +0 leather armour (worn)
Wands
 g - a wand of digging (3)
Scrolls
 c - a scroll of fog
 d - a scroll of magic mapping
 e - a scroll of fear
Potions
 f - a potion of haste

Dungeon Overview and Level Annotations

Branches:
Dungeon (5/15)
 Temple: D:4-7

Altars:
Trog


Message History

The shadow imp is heavily wounded.
The shadow imp closely misses you.
You hit the shadow imp.
You kill the shadow imp!
Your Axes skill increases to level 2!
You have reached level 2!
You start resting.
An iguana comes into view.
582 ||| Stepping ~*~*~tactically~*~*~ (stealth).
You start resting.
HP restored.
A gnoll comes into view. It is wielding a +0 flail.
Throw: 2 boomerangs
Press: ? - help, Q - select action Shift-Dir - straight line, f - gnoll You throw a boomerang.
The boomerang hits the gnoll.
The gnoll shouts!
The gnoll is heavily wounded.
You hear a shout! x2
A gnoll bouda comes into view. It is wielding a +0 club.
629 ||| Stepping ~*~*~tactically~*~*~ (stealth).
A gnoll comes into view. It is wielding a +0 flail.
A gnoll comes into view. It is wielding a +0 spear.
631 ||| Stepping ~*~*~tactically~*~*~ (hiding).
633 ||| Stepping ~*~*~tactically~*~*~ (hiding).
Found a scroll labelled TILEZO USUU.
You hit the gnoll.
The gnoll is heavily wounded.
635 ||| Stepping ~*~*~tactically~*~*~ (hiding).
The gnoll attacks as you move away! The gnoll hits you with a +0 flail.
You hit the gnoll.
The gnoll is severely wounded.
The gnoll barely misses you.
You closely miss the gnoll.
The gnoll is severely wounded.
The gnoll barely misses you.
You barely miss the gnoll.
The gnoll is severely wounded.
You hit the gnoll.
The gnoll hits you from afar with a +0 spear!
The gnoll hits you with a +0 flail!
You die...

...... ?... ....
... # #.. #g
#.######. #..
#........ #.g.
#@.......
#....###gg......
#...g..g.####...
#.......#...# .
###+#...#...#
#...#...#
#.......#
#.......#
#.......#


You could see 3 gnolls.

Vanquished Creatures
  A shadow imp (D:5)
1 creature vanquished.

Notes
Turn   | Place    | Note
-------+----------+-------------------------------------------
     0 | D:5      | qw the Gargoyle Delver began the quest for the Orb.
     0 | D:5      | Reached XP level 1. HP: 14/14 MP: 1/1
     0 | D:5      | 0 ||| qw: Version: 0.1-a-117-gfe26ee0
     0 | D:5      | 0 ||| qw: Game counter: 9806
     0 | D:5      | 0 ||| qw: Always use a shield: true
     0 | D:5      | 0 ||| qw: God list: Okawaru
     0 | D:5      | 0 ||| qw: Allow faded altars: false
     0 | D:5      | 0 ||| qw: Do Orc after D:15 true
     0 | D:5      | 0 ||| qw: Do second Lair branch before Depths: true
     0 | D:5      | 0 ||| qw: Lair rune preference: random
     0 | D:5      | 0 ||| qw: Plans: Normal
     0 | D:5      | 0 ||| PLANNING D:1-11
     9 | D:5      | Found a bloodstained altar of Trog.
    21 | D:5      | 21 ||| Stepping ~*~*~tactically~*~*~ (hiding).
   123 | D:5      | 123 ||| Stepping ~*~*~tactically~*~*~ (hiding).
   225 | D:5      | 225 ||| Stepping ~*~*~tactically~*~*~ (hiding).
   327 | D:5      | 327 ||| Stepping ~*~*~tactically~*~*~ (hiding).
   429 | D:5      | 429 ||| Stepping ~*~*~tactically~*~*~ (hiding).
   531 | D:5      | 531 ||| Stepping ~*~*~tactically~*~*~ (hiding).
   540 | D:5      | Reached XP level 2. HP: 14/19 MP: 2/2
   582 | D:5      | 582 ||| Stepping ~*~*~tactically~*~*~ (stealth).
   629 | D:5      | 629 ||| Stepping ~*~*~tactically~*~*~ (stealth).
   631 | D:5      | 631 ||| Stepping ~*~*~tactically~*~*~ (hiding).
   633 | D:5      | 633 ||| Stepping ~*~*~tactically~*~*~ (hiding).
   635 | D:5      | 635 ||| Stepping ~*~*~tactically~*~*~ (hiding).
   638 | D:5      | Slain by a gnoll

Levels and vault maps discovered:
D:5:      layout_basic, old_standard_altar, old_standard_altar,
          nrook_loot_triangle

Skill      XL: |  1 |
---------------+----+-----
Axes           | 2 |  2.4
Fighting       | |  3.2
Dodging        | |  1.5
Stealth        | |  5.4

Action                   || total
-------------------------++-------
Melee: Hand axe          ||     8
Throw: Boomerang         ||     1
Dodge: Dodged            ||     4

Table legend:
 A = Non-vault XP
 B = Vault XP
 C = Vault XP percentage of total XP
 D = Non-vault monster count
 E = Vault monster count
 F = Vault count percentage of total count
                 A         B        C        D         E       F
            +---------+---------+-------+---------+---------+-------
      Total |      11 |       0 |   0.0 |       1 |       0 |   0.0
            +---------+---------+-------+---------+---------+-------
        D:5 |      11 |       0 |   0.0 |       1 |       0 |   0.0
            +---------+---------+-------+---------+---------+-------
